 Dungeon Crawl Stone Soup version 0.31-a0-960-g0fca184906 (webtiles) character file.

Game seed: 15842333544133423511

938 Dirtsage the Carver (level 7, -4/52 HPs)
             Began as a Demonspawn Fighter on Oct 22, 2023.
             Slain by Menkaure (13 damage)
             ... on level 5 of the Dungeon.
             The game lasted 00:05:00 (3787 turns).

Dirtsage the Carver (Demonspawn Fighter)            Turns: 3787, Time: 00:05:01

Health: -4/52      AC:  6    Str: 16    XL:     7   Next: 87%
Magic:  7/7        EV: 13    Int:  9    God:
Gold:   253        SH: 13    Dex: 15    Spells: 4/6 levels left

rFire   . . .        a - +0 long sword
rCold   . . .        c - +0 buckler
rNeg    . . .        b - +0 scale mail
rPois   .            (no helmet)
rElec   .            (no cloak)
rCorr   .            (no gloves)
SInv    .            (no boots)
Will    .....        j - amulet of the acrobat Stlth
                     (no ring)
HPRegen 0.28/turn    (no ring)
MPRegen 0.10/turn

%: acrobat
@: agile
A: large bone plates 1, powered by pain 2, condensation shield
a: no special abilities


You were on level 5 of the Dungeon.
You visited 1 branch of the dungeon, and saw 5 of its levels.

You collected 253 gold pieces.

Inventory:

Hand Weapons
 a - a +0 long sword (weapon)
Armour
 b - a +0 scale mail (worn)
 c - a +0 buckler (worn)
Magical Staves
 p - a staff of poison
Jewellery
 j - an amulet of the acrobat (around neck)
Scrolls
 g - 2 scrolls of immolation
 m - a scroll of blinking {unknown}
 n - a scroll of noise {unknown}
 q - 2 scrolls of identify {unknown}
 t - a scroll of acquirement {unknown}
 u - a scroll of torment {unknown}
 v - a scroll of poison {unknown}
Potions
 d - a potion of magic {unknown}
 e - a potion of attraction {unknown}
 f - a potion of resistance {unknown}
 h - a potion of haste
 i - a potion of lignification {unknown}
 k - a potion of enlightenment {unknown}
 l - a potion of heal wounds
 o - a potion of mutation {unknown}
 r - 2 potions of curing {unknown}
 s - a potion of degeneration {unknown}


   Skills:
 - Level 3.0 Fighting
 + Level 8.5 Long Blades
 - Level 2.6 Armour
 - Level 2.6 Shields


You had 4 spell levels left.
You knew the following spells:

 Your Spells              Type           Power      Damage    Failure   Level
a - Wereblood             Tmut           0%         N/A       96%         2

Your spell library contained the following spells:

 Spells                   Type           Power      Damage    Failure   Level
 Sublimation of Blood     Necr           0%         N/A       96%         2
 Summon Hydra             Summ           0%         N/A       100%        7


Dungeon Overview and Level Annotations

Branches:
Dungeon (5/15)
 Temple: D:4-7

Altars:

Shops:
D:4 (

Annotations:
D:5 Menkaure


Innate Abilities, Weirdness & Mutations

You are partially covered in large bone plates. (SH +4)
You sometimes gain power by taking damage.
A meltable shield of frost defends you. (SH +4)


Message History

The scorpion stings you but does no damage.
You block the worm's attack.
You slash the scorpion!
You kill the scorpion!
You slash the worm!
The worm is almost dead.
You block the worm's attack.
You slash the worm!
You kill the worm!
HP restored.
You now have 253 gold pieces (gained 7).
q - 2 scrolls labelled REVYOSKEUPH (gained 1) Menkaure, Prince of Dust comes into view.
Menkaure shouts!
Health restored: 52 Menkaure is nearby!
Menkaure shouts, "You disturbed my rest!
Die!"
Menkaure mumbles some strange words.
Menkaure seems to speed up.
Menkaure mumbles, "It doesn't hurt if you pull your brain out of your nose yourself."
You block Menkaure's attack. Menkaure misses you.
You slash Menkaure!
Menkaure is moderately damaged.
Menkaure calls on the powers of darkness!
Your body is wracked with pain!
You take 25 damage, and have 27/52 hp.
MASSIVE DAMAGE!!
You hit Menkaure but do no damage.
Menkaure is moderately damaged.
You block Menkaure's attack.
You hit Menkaure.
Menkaure is heavily damaged.
Menkaure hits you!!
* * * LOW HITPOINT WARNING * * *
You focus on the pain.
You feel agile all of a sudden.
You take 19 damage, and have 9/52 hp.
MASSIVE DAMAGE!!
You hit Menkaure but do no damage.
Menkaure is heavily damaged.
Menkaure hits you!
You die...

############ ####
#........... ..#
#........... #+#####.#
#.....<(....
###.....#.###...........
........#...............
..................††....
......M@...>............
........................
........................
........#...............
.....####...............
##### #...............
#......... #.........


You could see Menkaure (fast).

Vanquished Creatures
  Pikel (D:4)
  2 black bears (D:4)
  A lemure (D:3)
  2 scorpions
  A jelly (D:4)
  A hound (D:4)
  5 adders
  A shadow imp (D:3)
  2 worms
  A dart slug (D:1)
  4 orcs
  7 ball pythons
  5 bats
  8 endoplasms
  2 giant cockroaches
  7 goblins
  5 hobgoblins
  10 jackals
  6 kobolds
  2 quokkas (D:1)
  2 frilled lizards
  13 rats
88 creatures vanquished.

Notes
Turn   | Place    | Note
-------+----------+-------------------------------------------
     0 | D:1      | Dirtsage the Demonspawn Fighter began the quest for the
                  | Orb.
     0 | D:1      | Reached XP level 1. HP: 18/18 MP: 1/1
    31 | D:1      | Reached skill level 2 in Long Blades
    38 | D:1      | Gained mutation: You sometimes gain a little power by
                  | taking damage. [demonic ancestry]
    38 | D:1      | Reached XP level 2. HP: 20/24 MP: 2/2
   417 | D:1      | Reached skill level 3 in Long Blades
   553 | D:1      | Reached XP level 3. HP: 27/29 MP: 3/3
   976 | D:2      | Identified the +1 robe of Orthodoxy {Slay+3}
  1132 | D:2      | Found a faded altar of an unknown god.
  1418 | D:2      | Gained mutation: You sometimes gain power by taking damage.
                  | [demonic ancestry]
  1418 | D:2      | Reached XP level 4. HP: 35/35 MP: 4/4
  1493 | D:2      | Reached skill level 4 in Long Blades
  2125 | D:3      | Learned a level 2 spell: Wereblood
  2816 | D:4      | Noticed a lemure
  2816 | D:4      | Noticed a lemure
  2816 | D:4      | Noticed a lemure
  2816 | D:4      | Noticed a lemure
  2817 | D:4      | Noticed Pikel
  2830 | D:3      | Killed a lemure
  2966 | D:4      | Found Kaiban's Weapon Boutique.
  3040 | D:4      | Noticed a black bear
  3056 | D:4      | Killed a black bear
  3057 | D:4      | Reached skill level 5 in Long Blades
  3057 | D:4      | Gained mutation: You are partially covered in large bone
                  | plates. (SH +4) [demonic ancestry]
  3057 | D:4      | Reached XP level 5. HP: 22/41 MP: 5/5
  3080 | D:4      | Noticed a black bear
  3089 | D:4      | Reached XP level 6. HP: 30/47 MP: 6/6
  3096 | D:4      | Reached skill level 6 in Long Blades
  3377 | D:4      | Killed Pikel
  3378 | D:4      | Reached skill level 8 in Long Blades
  3378 | D:4      | Gained mutation: A meltable shield of frost defends you.
                  | (SH +4) [demonic ancestry]
  3378 | D:4      | Reached XP level 7. HP: 25/52 MP: 7/7
  3745 | D:5      | Entered Level 5 of the Dungeon
  3778 | D:5      | Noticed Menkaure
  3787 | D:5      | Slain by Menkaure

Illustrated notes

Levels and vault maps discovered:
D:1:      dpeg_arrival_simpleton_a, layout_loops_ring
D:2:      layout_basic, ebering_ecumenical_altar_hall, serial_co_window_serial,
          co_window_paths_a, co_window_corner_a, co_window_corner_a,
          co_window_paths_a, co_window_corner_a, co_window_of_opportunity_a,
          co_window_corner_a, co_window_paths_c, co_window_broadway_c,
          co_window_unsneaky_path_b, co_window_of_opportunity_c,
          co_window_unsneaky_path_d, co_window_corner_cb, co_window_paths_e,
          glass_columns_c
D:3:      layout_basic, minmay_ruptured
D:4:      layout_layer_cave, roderic_malta_cross, nicolae_take_the_stairs,
          uniq_pikel
D:5:      layout_basic, chequers_garden, uniq_menkaure, uniq_ijyb

Skill      XL: |  1  2  3  4  5  6 |
---------------+-------------------+-----
Long Blades    | 2 3 5 8 |  8.5
Fighting       | |  3.0
Armour         | |  2.6
Shields        | |  2.6

Action                     |  1- 3 |  4- 6 |  7- 9 || total
---------------------------+-------+-------+-------++-------
  Melee: Long sword        |   109 |   167 |    15 ||   291
    Use: Potion            |       |     4 |       ||     4
         Scroll            |       |     1 |       ||     1
 Armour: Scale mail        |    69 |   113 |     7 ||   189
  Dodge: Dodged            |    53 |    68 |     1 ||   122
  Block: Buckler           |    39 |    46 |     9 ||    94

Table legend: (Time is in decaauts)
 A = Elapsed time spent in this place.
 B = Non-inter-level travel time spent in this place.
 C = Inter-level travel time spent in this place.
 D = Time resting spent in this place.
 E = Time spent auto-exploring this place.
 F = Levels seen in this place.
 G = Mean time per level.
                   A        B        C        D        E       F      G
               +--------+--------+--------+--------+--------+-----+--------+
         Total |   3831 |   3715 |    116 |      0 |   3047 |   5 |  766.2 |
       Dungeon |   3831 |   3715 |    116 |      0 |   3047 |   5 |  766.2 |
               +--------+--------+--------+--------+--------+-----+--------+

Top non-repeatable levels by time:
     D:2: 1273 daAuts
     D:4: 871 daAuts
     D:1: 870 daAuts
     D:3: 773 daAuts
     D:5: 42 daAuts
